 Dungeon Crawl Stone Soup version 0.28.0-53-g5a82cb258f (webtiles) character file.

Game seed: 10947024692023881711

22 Descartes the Grasshopper (level 3, 0/27 HPs)
             Began as a Formicid Warper on Aug 14, 2022.
             Succumbed to an adder's poison
             ... on level 2 of the Dungeon.
             The game lasted 00:03:35 (1068 turns).

Descartes the Grasshopper (Formicid Warper)         Turns: 1068, Time: 00:03:35

Health: 0/27       AC:  8    Str: 17    XL:     3   Next: 7%
Magic:  6/6        EV: 11    Int: 12    God:
Gold:   20         SH:  0    Dex: 10    Spells: 6/6 levels left

rFire   . . .      SeeInvis +   a - +0 hand axe
rCold   . . .      Faith    .   (no shield)
rNeg    . . .      Spirit   .   d - +0 chain mail
rPois   .          Reflect  .   (helmet unavailable)
rElec   .          Harm     .   (no cloak)
rCorr   .          Rampage  .   (no gloves)
Will    .....                   (no boots)
Stlth   ..........              (no amulet)
HPRegen 0.09/turn               e - +4 ring of evasion
MPRegen 0.10/turn               (no ring)

@: lethally poisoned (0 -> -5)
A: permanent stasis, dig shafts and tunnels, antennae 3, four strong arms
a: Dig, Shaft Self


You were on level 2 of the Dungeon.
You visited 1 branch of the dungeon, and saw 2 of its levels.

You collected 20 gold pieces.

Inventory:

Hand Weapons
 a - a +0 hand axe (weapon)
Missiles
 b - 4 stones
 c - 5 boomerangs of dispersal (quivered)
Armour
 d - a +0 chain mail (worn)
Jewellery
 e - a +4 ring of evasion (left hand)
Scrolls
 f - a scroll of identify {unknown}
 h - a scroll of noise {unknown}
Potions
 g - a potion of invisibility {unknown}


   Skills:
 - Level 2.1 Fighting
 + Level 2.2(2.4) Axes
 + Level 0.6(1.5) Maces & Flails
 + Level 0.8(1.6) Polearms
 - Level 1.0 Throwing
 + Level 1.5 Armour
 - Level 1.7 Dodging
 + Level 0.9 Shields
 - Level 2.1 Spellcasting
 + Level 2.9 Translocations


You had 6 spell levels left.
You didn't know any spells.
Your spell library contained the following spells:

 Spells                   Type           Power      Damage    Failure   Level
 Gell's Gravitas          Tloc           8%         N/A       99%         3
 Lesser Beckoning         Tloc           8%         N/A       99%         3
 Teleport Other           Tloc           8%         N/A       99%         3
 Manifold Assault         Tloc           8%         N/A       100%        5
 Blink                    Tloc           Unusable   N/A       N/A         2

Dungeon Overview and Level Annotations

Branches:
Dungeon (2/15)

Altars:

Shops:
D:1 ?([[:


Innate Abilities, Weirdness & Mutations

You cannot be hasted, slowed, berserked, paralysed or teleported.
You can dig through walls and to a lower floor.
You have a pair of large antennae on your head. (SInv)
Your four strong arms can wield two-handed weapons with a shield.


Message History

You barely miss the adder.
The adder is lightly wounded.
You hit the dart slug.
You feel sick. The adder bites you but does no damage.
The dart slug closely misses you.
You hit the dart slug.
The dart slug is almost dead.
You hit the adder.
You feel sick. The adder bites you.
You are more poisoned.
The adder poisons you! The adder bites you but does no damage.
You hit the dart slug.
You kill the dart slug!
You closely miss the adder.
You feel sick. The adder bites you.
You are lethally poisoned!
The adder poisons you!
You have reached level 3!
Your experience leads to an increase in your attributes!
Increase (S)trength, (I)ntelligence, or (D)exterity?
You feel stronger. x2
You are too injured to fight recklessly!
You closely miss the adder.
The adder is moderately wounded.
You feel very sick. The adder bites you but does no damage.
The adder closely misses you.
You barely miss the adder.
The adder is moderately wounded.
* * * LOW HITPOINT WARNING * * *
You feel very sick. The adder bites you but does no damage.
You miss the adder.
The adder is moderately wounded.
* * * LOW HITPOINT WARNING * * *
You feel sick. The adder misses you. The adder bites you but does no damage.
You barely miss the adder.
The adder is moderately wounded.
* * * LOW HITPOINT WARNING * * *
You feel sick. The adder bites you.
* * * LOW HITPOINT WARNING * * *
You hit the adder.
The adder is heavily wounded.
You die...

#.# . #.# .# #.# ##.#
#.###### #...##
#......###.!...##
#.####.##.......#
#....#.#.........
########.##.#.#.........
.........##.....@..:...$
#######.......##S......#
####.#########.....##
#.......# ....##
#.##.##.# # ..###
#.#..##.# #...# #.......#
#...#
#.#.###.#####...##### {{
####.......#.........<>##


You could see an adder.

Vanquished Creatures
  A dart slug (D:2)
  2 ball pythons (D:1)
  3 endoplasms
  5 giant cockroaches (D:1)
  A hobgoblin (D:1)
  2 jackals (D:1)
  2 kobolds (D:1)
16 creatures vanquished.

Notes
Turn   | Place    | Note
-------+----------+-------------------------------------------
     0 | D:1      | Descartes the Formicid Warper began the quest for the Orb.
     0 | D:1      | Reached XP level 1. HP: 16/16 MP: 3/3
    12 | D:1      | Found Wyfyiteg's Armour Shoppe.
    56 | D:1      | Found Gyirioh's Book Shoppe.
   251 | D:1      | Reached XP level 2. HP: 16/22 MP: 5/5
   557 | D:1      | Found Kuebb's Antique Armour Emporium.
   616 | D:1      | Found Goitt's Antique Weapon Boutique.
   634 | D:1      | Found Kuynahes's Magic Scroll Shop.
  1064 | D:2      | Reached XP level 3. HP: 12/27 MP: 6/6
  1067 | D:2      | HP: 1/27 [adder (1)]
  1068 | D:2      | Succumbed to an adder's poison

Illustrated notes

Levels and vault maps discovered:
D:1:      evilmike_arrival_hilbert_curve, layout_basic, serial_shops,
          nicolae_shop_hallway_stairs, shop_statue, nicolae_shop_statue_plus,
          nicolae_shop_advertising_works [nicolae_subvault_shop_adworks], shop,
          minmay_fountain_box, minmay_worlds_worst_comb
D:2:      layout_loops_cross, nrook_campfire, lightli_corner_chamber

Action                   || total
-------------------------++-------
Melee: Hand axe          ||    61
Armor: Leather armour    ||     9
       Chain mail        ||    21
Dodge: Dodged            ||    41
